 Dungeon Crawl Stone Soup version 0.18.1-50-g88ac8fd (webtiles) character file.

65 Neder the Chopper (level 3, 0/29 HPs)
             Began as a Demonspawn Fighter on Oct 29, 2016.
             Succumbed to Crazy Yiuf's poison
             ... on level 2 of the Dungeon.
             The game lasted 00:02:31 (1492 turns).

Neder the Chopper (Demonspawn Fighter)              Turns: 1492, Time: 00:02:32

Health: 0/29       AC:  9    Str: 22    XL:     3   Next: 94%
Magic:  1/3        EV:  7    Int:  9    God:
Gold:   59         SH:  9    Dex: 12    Spells: 0 memorised, 2 levels left

rFire  + . .     SeeInvis .     a - +0 war axe
rCold  + . .     Gourm    .     b - +0 scale mail
rNeg   . . .     Faith    .     c - +0 shield
rPois  +         Spirit   +     (no helmet)
rElec  +         Dismiss  .     (no cloak)
rCorr  +         Reflect  .     (no gloves)
SustAt .         Harm     .     (no boots)
MR     .....                    u - amulet of guardian spirit
Stlth  ..........               (no ring)
                                t - +3 ring of protection

@: mighty, lethally poisoned (0 -> -8), resistant, not resistant to hostile
enchantments, extremely unstealthy
A: talons 1
a: no special abilities


You were on level 2 of the Dungeon.
You were very hungry.

You visited 1 branch of the dungeon, and saw 2 of its levels.

You collected 59 gold pieces.

Inventory:

Hand Weapons
 a - a +0 war axe (weapon)
Armour
 b - a +0 scale mail (worn)
 c - a +0 shield (worn)
Jewellery
 q - an uncursed amulet of dismissal
 t - a +3 ring of protection (left hand)
 u - an amulet of guardian spirit (around neck)
Scrolls
 h - 3 scrolls of remove curse
 j - 2 scrolls of enchant armour {unknown}
 k - 6 scrolls of identify {unknown}
 s - 3 scrolls of fear {unknown}
Potions
 i - a potion of mutation {unknown}
 l - a potion of heal wounds {unknown}
 o - a potion of resistance
 p - a potion of flight {unknown}
 r - a potion of brilliance {unknown}
 v - a potion of degeneration {unknown}
Comestibles
 f - a bread ration
 m - 2 beef jerkies


   Skills:
 - Level 3.0 Fighting
 + Level 3.9 Axes
 - Level 2.6 Armour
 - Level 2.6 Shields


You had 2 spell levels left.
You didn't know any spells.

Dungeon Overview and Level Annotations

Branches:
Dungeon (2/15)

Altars:

Annotations:
D:2 Crazy Yiuf


Innate Abilities, Weirdness & Mutations

You have sharp toenails.


Message History

a short sword; a leather armour; a scroll labeled PYNKYBY TOHIE; 6 gold pieces a kobold corpse Drink which item? (? for menu, Esc to quit)
You feel very mighty all of a sudden.
Crazy Yiuf hits you with a quarterstaff of chaos.
* * * LOW HITPOINT WARNING * * *
You are lethally poisoned!
You barely miss Crazy Yiuf. Your kick misses Crazy Yiuf.
Crazy Yiuf is lightly wounded.
* * * LOW HITPOINT WARNING * * *
You feel sick.
Crazy Yiuf screams, "Castle!"
You block Crazy Yiuf's attack.
Drink which item? (? for menu, Esc to quit)
It was a potion of resistance.
You feel protected. You block Crazy Yiuf's attack.
Drink which item? (? for menu, Esc to quit)
It was a potion of berserk rage.
You're too hungry to go berserk.
You die...

#....>#
#...
#.....#
####
#.....# ..#
#####.#
##.# #.#
#..# #####
#.# #..#
#...# #"#
#..#
#...###†#
#..#
#...g@).#
#...
#..†#####
#...
#.......#
###.
#.......#
#...
#.#.....#
####
#.#.......
..#........
##
#.###....
#.# ....


You could see Crazy Yiuf.

Vanquished Creatures
  3 adders (D:2)
  2 dart slugs (D:2)
  A giant gecko (D:1)
  5 bats
  4 goblins (D:1)
  5 hobgoblins
  3 jackals (D:1)
  6 kobolds
  4 rats
33 creatures vanquished.

Notes
Turn   | Place    | Note
--------------------------------------------------------------
     0 | D:1      | Neder the Demonspawn Fighter began the quest for the Orb.
     0 | D:1      | Reached XP level 1. HP: 18/18 MP: 1/1
   159 | D:1      | Gained mutation: You have sharp toenails. [demonic ancestry]
   159 | D:1      | Reached XP level 2. HP: 24/24 MP: 2/2
   962 | D:2      | Reached XP level 3. HP: 29/29 MP: 3/3
  1483 | D:2      | Noticed Crazy Yiuf
  1490 | D:2      | HP: 1/29 [poisoned by Crazy Yiuf]
  1492 | D:2      | Succumbed to Crazy Yiuf's poison

Skill      XL: |  1  2 |
---------------+-------+-----
Axes           | 2 3 |  3.9
Fighting       | |  3.0
Armour         | |  2.6
Shields        | |  2.6

Action                   || total
-------------------------++-------
Melee: War axe           ||   113
       Kick              ||    26
  Use: Scroll            ||     3
       Potion            ||     3
  Eat: Chunk             ||     1
Armor: Scale mail        ||    85
Dodge: Dodged            ||    21
Block: Shield            ||    69
